 Dungeon Crawl Stone Soup version 0.18-a0-750-g37044d6 (webtiles) character file.

101927 Duffy the Fighter (level 16, 133/133 HPs)
             Began as a Formicid Summoner on Dec 11, 2015.
             Was the Champion of Ashenzari.
             Quit the game on level 4 of the Lair of Beasts.
             The game lasted 01:43:36 (51360 turns).

Duffy the Fighter (Formicid Summoner)              Turns: 51360, Time: 01:43:37

Health: 133/133    AC: 25    Str: 12    XL:     16   Next: 84%
Magic:  28/28      EV: 19    Int: 20    God:    Ashenzari [******]
Gold:   1274       SH: 11    Dex: 14    Spells: 6 memorised, 6 levels left

rFire  . . .     SeeInvis +     o - +4 lajatang (protect) (curse)
rCold  + . .     Clarity  +     R - +1 ring mail {rC+}
rNeg   . . .     SustAt   .     t - +0 shield (curse)
rPois  .         Gourm    +     (helmet unavailable)
rElec  .         Spirit   .     i - +0 cloak (curse)
rCorr  .         Dismiss  .     y - +2 pair of gloves (curse)
rMut   .         Stasis   +     I - +0 pair of boots (curse)
MR     +....                    e - amulet of the gourmand (curse)
Stlth  ++........               v - +5 ring of protection (curse)
                                q - ring of teleportation (curse)

@: somewhat resistant to hostile enchantments, unstealthy
A: permanent stasis, dig shafts and tunnels, four strong arms, antennae 3, no
device heal 1
a: Dig, Shaft Self, Scrying, Transfer Knowledge, Renounce Religion, Evoke
Teleportation


You were on level 4 of the Lair of Beasts.
You worshipped Ashenzari.
Ashenzari was exalted by your worship.
You were not hungry.

You visited 4 branches of the dungeon, and saw 27 of its levels.
You also visited: Ossuary and Ice Cave.

You collected 3161 gold pieces.
You spent 1887 gold pieces at shops.


Innate Abilities, Weirdness & Mutations

You are under a permanent stasis effect.
You can dig through walls and to a lower floor.
Your four strong arms can wield two-handed weapons with a shield.
You have a pair of large antennae on your head (SInv).
Potions and wands are less effective at restoring your health.


   Skills:
 - Level 14.0 Fighting
 - Level 10.8(15.0) Staves
 - Level 8.2(11.2) Armour
 + Level 13.7(16.3) Dodging
 - Level 2.4 Stealth
 - Level 6.5(9.6) Shields
 - Level 8.5 Spellcasting
 - Level 6.0(10.5) Hexes
 - Level 10.0(14.3) Summonings
 - Level 4.8(9.2) Ice Magic
 - Level 3.8(7.9) Air Magic
 - Level 5.0(9.4) Evocations


You had 6 spell levels left.
You knew the following spells:

 Your Spells              Type           Power        Failure   Level  Hunger
i - Shadow Creatures      Summ           N/A          1%          5    #####..
j - Summon Lightning Spi  Summ/Air       ######..     1%          4    ###....
l - Summon Ice Beast      Ice/Summ       ######..     1%          4    ###....
n - Call Canine Familiar  Summ           ######..     1%          3    None
y - Summon Mana Viper     Hex/Summ       ######..     2%          5    #####..
A - Aura of Abjuration    Summ           ######....   1%          5    #####..

Inventory:

Hand Weapons
 o - a cursed +4 lajatang of protection (weapon)
Missiles
 f - 831 stones (quivered)
 J - 3 throwing nets
Armour
 i - a cursed +0 cloak (worn)
 t - a cursed +0 shield (worn)
 y - a cursed +2 pair of gloves (worn)
 I - a cursed +0 pair of boots (worn)
 R - a +1 ring mail of cold resistance (worn)
Jewellery
 e - a cursed amulet of the gourmand (around neck)
 q - a cursed ring of teleportation (left hand)
 v - a cursed +5 ring of protection (right hand)
 D - an uncursed ring of sustain attributes
 Q - an uncursed ring of flight
 V - the amulet "Daupso" {Stasis rC+}

   [amulet of stasis]

   It prevents you from being teleported, slowed, hasted or paralysed.
   It protects you from cold.
Wands
 a - a wand of digging (11)
 b - a wand of draining (6)
 c - a wand of cold (5)
 n - a wand of enslavement (21)
 w - a wand of paralysis (6)
 K - a wand of invisibility (4)
 Z - a wand of draining (11)
Scrolls
 g - 6 scrolls of recharging
 h - 3 scrolls of enchant armour
 r - 8 scrolls of remove curse
 u - 5 scrolls of immolation
 x - a scroll of summoning
 H - 2 scrolls of amnesia
 N - 9 scrolls of magic mapping
 O - a scroll of curse armour
 S - a scroll of curse jewellery
Potions
 d - 3 potions of flight
 j - 3 potions of resistance
 k - 9 potions of curing
 l - 2 potions of cure mutation
 p - a potion of might
 s - a potion of invisibility
 A - 5 potions of magic
 C - a potion of agility
 F - 5 potions of brilliance
 U - 2 potions of heal wounds
 Y - 2 potions of cancellation
Miscellaneous
 W - a lamp of fire
Comestibles
 m - 15 bread rations
 z - 12 fruits
 B - 8 beef jerkies
 E - 26 royal jellies
 G - 11 meat rations
 L - a slice of pizza

Dungeon Overview and Level Annotations

Branches:
Dungeon (14/15)            Temple (1/1) D:7            Lair (8/8) D:10
  Snake (0/4) Lair:6        Slime (0/6) Lair:6          Orc (4/4) D:12
    Elf (0/3) Orc:3        Vaults (0/5) D:14
  Swamp: Lair:3-6    Shoals: Lair:3-6

Altars:
Ashenzari
Cheibriados
Dithmenos
Elyvilon
Fedhas
Gozag
Kikubaaqudgha
Makhleb
Nemelex Xobeh
Okawaru
Pakellas
Qazlal
Ru
Sif Muna
Trog
Vehumet
Xom
Yredelemnul
Zin
The Shining One
Beogh

Shops:
D:4 [   D:10 *   Orc:1 :   Orc:4 =:*[(

Annotations:
Lair:4 2 exclusions
Lair:6 1 exclusion


Message History

You hit the oklob plant but do no damage.
The oklob plant is almost destroyed.
The oklob plant spits acid at you. The splash of acid misses you.
You slash the oklob plant!
You destroy the oklob plant!
You now have 1274 gold pieces (gained 14).
You hit the plant but do no damage.
l - 2 potions of cure mutation (gained 1)
You see here a scroll of amnesia.
H - a scroll of amnesia
H - 2 scrolls of amnesia (gained 1)
You are no longer corroded.
A crocodile comes into view.
A crocodile is nearby!
You slice the plant!!
The plant is moderately damaged.
You slice the plant!!
The plant is severely damaged.
You slash the plant!
You destroy the plant!
You completely miss the crocodile. You slice the crocodile!!
The crocodile is almost dead.
The crocodile bites you.
You slash the crocodile!
You kill the crocodile!
You see here a crocodile corpse.
You see here a crocodile corpse.
f - 831 stones (gained 15) Partly explored, can't reach some places.
Partly explored, can't reach some places.
Read which item? (? for menu, Esc to quit)
You aren't wearing any piece of uncursed jewellery.
Are you sure you want to abandon this character and quit the game? (Confirm with "yes".)

######................##...##
#?(..#.................#...#.
#......%.....................
#.P..P...................7...
#P.[PP.................7..7..
#.####.................7..7..
##.###......>.........77..77.
##.###.............<.7{..{7.
##........@.........7~..~7.
####...............7~.7~7.
#............[...7~..~7.
##..............77{..~77
#..............777..777
#..............7 { ,{ 7
#..............7* , ~*7
#..............7 ,~*7
#..............7 ~


7 There were no monsters in sight!

Action                   |  1- 3 |  4- 6 |  7- 9 | 10-12 | 13-15 | 16-18 || total
-------------------------+-------+-------+-------+-------+-------+-------++-------
Melee: Dagger            |    98 |    69 |    42 |       |       |       ||   209
       Lajatang          |       |       |   260 |   844 |  1960 |   655 ||  3719
Throw: Stone             |     2 |     1 |     5 |       |     2 |       ||    10
 Cast: Summon Small Mamm |    23 |       |       |       |       |       ||    23
       Call Imp          |    16 |    28 |    18 |       |       |       ||    62
       Call Canine Famil |    14 |    20 |    51 |     8 |     2 |       ||    95
       Summon Ice Beast  |       |     6 |    58 |   150 |   158 |     2 ||   374
       Summon Lightning  |       |       |       |     1 |    12 |       ||    13
       Summon Mana Viper |       |       |       |       |    10 |     4 ||    14
       Shadow Creatures  |       |       |       |       |     4 |    39 ||    43
 Abil: Dig               |       |       |     4 |    10 |    33 |     1 ||    48
Evoke: Wand              |       |       |       |     2 |    13 |       ||    15
  Use: Scroll            |       |       |    15 |    13 |     9 |     9 ||    46
       Potion            |       |       |       |     1 |     2 |     2 ||     5
 Stab: Sleeping          |     2 |     1 |     4 |     2 |     2 |       ||    11
       Distracted        |     1 |       |     4 |     4 |    12 |     4 ||    25
       Invisible         |       |       |       |       |     8 |       ||     8
  Eat: Chunk             |    11 |    12 |    49 |    72 |    93 |    27 ||   264
       Pizza             |       |     2 |     1 |       |     2 |       ||     5

Notes
Turn   | Place    | Note
--------------------------------------------------------------
     0 | D:1      | Duffy the Formicid Summoner began the quest for the Orb.
     0 | D:1      | Reached XP level 1. HP: 13/13 MP: 3/3
   358 | D:1      | Reached XP level 2. HP: 10/19 MP: 0/5
   362 | D:1      | Learned a level 2 spell: Call Imp
  1684 | D:2      | Reached XP level 3. HP: 24/24 MP: 2/7
  1739 | D:2      | Learned a level 3 spell: Call Canine Familiar
  2793 | D:2      | Reached skill level 3 in Spellcasting
  3722 | D:3      | Reached XP level 4. HP: 26/30 MP: 2/8
  4027 | D:3      | Reached skill level 5 in Summonings
  4235 | D:3      | Reached XP level 5. HP: 35/35 MP: 1/10
  4394 | D:3      | Learned a level 4 spell: Summon Ice Beast
  5208 | D:4      | Reached skill level 1 in Ice Magic
  5645 | D:4      | Found Fomenla's Armour Shop.
  5684 | D:4      | Reached skill level 4 in Spellcasting
  5684 | D:4      | Reached XP level 6. HP: 28/41 MP: 3/12
  6059 | D:5      | Entered Level 5 of the Dungeon
  6165 | D:5      | Reached skill level 2 in Ice Magic
  6284 | D:5      | Got an ichor-stained spear
  6510 | D:5      | Found a white marble altar of Elyvilon.
  6523 | D:5      | Noticed an ice beast
  6794 | D:5      | Killed an ice beast
  6794 | D:5      | Reached skill level 3 in Ice Magic
  6794 | D:5      | Reached XP level 7. HP: 46/46 MP: 2/13
  7481 | D:6      | Reached skill level 6 in Summonings
  7770 | D:6      | Reached skill level 4 in Ice Magic
  8812 | D:6      | Reached XP level 8. HP: 52/52 MP: 4/15
  9032 | D:5      | Reached skill level 1 in Fighting
  9032 | D:5      | Reached skill level 2 in Dodging
  9462 | D:6      | Reached skill level 2 in Fighting
  9879 | D:6      | Reached skill level 3 in Fighting
  9879 | D:6      | Reached skill level 3 in Dodging
 10025 | D:7      | Found a staircase to the Ecumenical Temple.
 10114 | Temple   | Entered the Ecumenical Temple
 10123 | Temple   | Became a worshipper of Ashenzari the Shackled
 10153 | Temple   | Identified the +8 spear of Dullness {vamp, Fragile Dex+6} (You found it on level 5 of the Dungeon)
 10528 | D:7      | Reached skill level 1 in Staves
 10705 | D:7      | Reached skill level 4 in Fighting
 10705 | D:7      | Reached skill level 2 in Staves
 10730 | D:7      | Reached XP level 9. HP: 47/65 MP: 16/16
 11237 | D:7      | Reached skill level 4 in Dodging
 11316 | D:8      | Reached * piety under Ashenzari
 11388 | D:8      | Reached skill level 3 in Staves
 11470 | D:8      | Found a sand-covered staircase.
 11484 | Ossuary  | Entered an ossuary
 11787 | Ossuary  | Reached skill level 4 in Staves
 12193 | D:8      | Noticed Joseph
 12210 | D:8      | Noticed cluie's ghost (novice DsTm)
 12257 | D:8      | Found a glowing silver altar of Zin.
 12257 | D:8      | Found a radiant altar of Vehumet.
 12264 | D:9      | Reached skill level 5 in Fighting
 12538 | D:10     | Entered Level 10 of the Dungeon
 12647 | D:9      | Reached skill level 5 in Staves
 13042 | D:9      | Reached skill level 5 in Dodging
 13170 | D:9      | Noticed Grum
 13195 | D:10     | Reached skill level 6 in Staves
 13195 | D:10     | Reached XP level 10. HP: 47/76 MP: 2/17
 13438 | D:9      | Killed Grum
 13610 | D:9      | Reached skill level 6 in Fighting
 14041 | D:8      | Reached skill level 7 in Staves
 14950 | D:8      | Killed cluie's ghost
 15266 | D:8      | Killed Joseph
 15266 | D:8      | Reached skill level 7 in Fighting
 15266 | D:8      | Reached skill level 6 in Dodging
 15612 | D:8      | Reached skill level 8 in Staves
 16304 | D:9      | Noticed Pikel
 16319 | D:9      | Killed Pikel
 16499 | D:9      | Reached skill level 8 in Fighting
 16740 | D:9      | Reached skill level 5 in Spellcasting
 16998 | D:9      | Reached XP level 11. HP: 53/86 MP: 6/18
 17392 | D:10     | Found Irepsiym's Assorted Antiques.
 17400 | D:10     | Bought a coppery potion for 21 gold pieces
 17400 | D:10     | Bought a scroll labeled JOGROH ATUN for 24 gold pieces
 17400 | D:10     | Bought a scroll labeled SENEF TESCHORCH for 24 gold pieces
 17400 | D:10     | Bought a scroll of identify for 48 gold pieces
 17400 | D:10     | Bought a steaming iron amulet for 120 gold pieces
 17400 | D:10     | Identified the amulet "Daupso" {Stasis rC+} (You bought it in a shop on level 10 of the Dungeon)
 17494 | D:10     | Reached ** piety under Ashenzari
 17531 | D:10     | Found a roughly hewn altar of Beogh.
 17552 | D:10     | Reached skill level 7 in Summonings
 17870 | D:10     | Reached skill level 7 in Dodging
 18116 | D:10     | Reached skill level 8 in Dodging
 18180 | D:10     | Found a staircase to the Lair.
 19035 | Lair:1   | Entered Level 1 of the Lair of Beasts
 19051 | D:10     | Reached skill level 9 in Dodging
 20439 | Lair:1   | Reached skill level 9 in Fighting
 20458 | Lair:1   | Noticed an eight-headed hydra
 20482 | Lair:1   | Killed an eight-headed hydra
 20700 | Lair:1   | Reached skill level 10 in Fighting
 20879 | D:10     | Reached XP level 12. HP: 97/97 MP: 19/19
 20917 | D:10     | Learned a level 4 spell: Summon Lightning Spire
 20946 | D:10     | Reached skill level 1 in Air Magic
 21349 | Lair:1   | Reached *** piety under Ashenzari
 21968 | Lair:2   | Reached skill level 2 in Air Magic
 22115 | Lair:2   | Noticed Gastronok
 22143 | Lair:2   | Killed Gastronok
 22143 | Lair:2   | Reached skill level 3 in Air Magic
 22740 | Lair:2   | Noticed a four-headed hydra
 22761 | Lair:2   | Killed a four-headed hydra
 23381 | Lair:3   | Reached skill level 6 in Spellcasting
 23381 | Lair:3   | Reached skill level 8 in Summonings
 23535 | Lair:3   | Reached skill level 1 in Armour
 23719 | Lair:3   | Reached skill level 2 in Armour
 23881 | Lair:3   | Reached skill level 3 in Armour
 24238 | Lair:3   | Reached **** piety under Ashenzari
 24674 | Lair:3   | Reached skill level 11 in Fighting
 25489 | Lair:4   | Noticed a seven-headed hydra
 26051 | Lair:4   | Reached XP level 13. HP: 92/106 MP: 14/22
 26079 | Lair:4   | Reached skill level 10 in Dodging
 26524 | Lair:4   | Reached skill level 4 in Armour
 26879 | Lair:3   | Reached skill level 5 in Armour
 27235 | Lair:4   | Reached skill level 6 in Armour
 27717 | Lair:5   | Reached ***** piety under Ashenzari
 27960 | Lair:5   | Reached skill level 7 in Armour
 28264 | Lair:5   | Reached skill level 8 in Armour
 28450 | Lair:5   | Learned a level 5 spell: Summon Mana Viper
 28583 | Lair:5   | Reached skill level 1 in Hexes
 28631 | Lair:5   | Reached skill level 2 in Hexes
 29209 | Lair:5   | Reached skill level 3 in Hexes
 30333 | Lair:6   | Found a staircase to the Slime Pits.
 30359 | Lair:6   | Reached skill level 4 in Hexes
 30433 | Lair:6   | Reached skill level 1 in Shields
 30750 | Lair:7   | Reached skill level 2 in Shields
 30990 | Lair:7   | Reached skill level 3 in Shields
 31452 | Lair:7   | Reached skill level 4 in Shields
 31668 | Lair:6   | Reached skill level 5 in Shields
 31668 | Lair:6   | Reached XP level 14. HP: 110/114 MP: 16/23
 32240 | D:10     | Reached skill level 6 in Shields
 32479 | D:11     | Reached skill level 12 in Fighting
 33232 | D:12     | Reached ****** piety under Ashenzari
 33265 | D:12     | Found a stormy altar of Qazlal.
 33311 | D:12     | Noticed Frances
 33343 | D:12     | Killed Frances
 33343 | D:12     | Reached skill level 5 in Hexes
 33343 | D:12     | Reached skill level 9 in Summonings
 33872 | D:12     | Found a staircase to the Orcish Mines.
 34345 | D:12     | Reached skill level 6 in Hexes
 35200 | D:13     | Reached skill level 10 in Summonings
 35390 | D:13     | Reached skill level 1 in Evocations
 35708 | D:14     | Found a gate to the Vaults.
 35708 | D:14     | Noticed Donald
 35791 | Orc:1    | Entered Level 1 of the Orcish Mines
 35791 | Orc:1    | Noticed Erolcha
 35797 | Orc:1    | Killed Erolcha
 35797 | Orc:1    | Reached skill level 2 in Evocations
 35803 | Orc:1    | Noticed Urug
 35803 | Orc:1    | Noticed Nergalle
 36164 | Orc:2    | Reached skill level 3 in Evocations
 36212 | Orc:2    | Found a frozen archway.
 36264 | Orc:2    | Reached skill level 4 in Evocations
 36339 | IceCv    | Entered an ice cave
 36411 | IceCv    | Reached skill level 5 in Evocations
 37466 | IceCv    | Reached XP level 15. HP: 100/122 MP: 13/24
 37633 | IceCv    | Identified the +6 hunting sling "Ant's Foe" {speed, Dex+2}
 38361 | Orc:2    | Reached skill level 13 in Fighting
 38570 | Orc:2    | Found a roughly hewn altar of Beogh.
 38579 | Orc:2    | Reached skill level 11 in Dodging
 38908 | Orc:1    | Killed Urug
 38996 | Orc:1    | Killed Nergalle
 39204 | Orc:1    | Found Ijeot's Book Shoppe.
 39684 | Orc:3    | Found a staircase to the Elven Halls.
 40697 | Orc:4    | Entered Level 4 of the Orcish Mines
 40738 | Orc:4    | Found Rosimn's Jewellery Shop.
 40847 | Orc:4    | Reached skill level 9 in Staves
 41198 | Orc:4    | Noticed Saint Roka
 41538 | Orc:4    | Killed Saint Roka
 41538 | Orc:4    | Reached skill level 10 in Staves
 41712 | Orc:4    | Noticed Blork the orc
 41721 | Orc:4    | Killed Blork the orc
 42215 | Orc:4    | Gained mutation: Potions and wands are less effective at restoring your health. [a neqoxec]
 43040 | Orc:4    | Found Porug's Antique Armour Shoppe.
 43041 | Orc:4    | Found Baufer's Antique Weapon Shoppe.
 43044 | Orc:4    | Found Mympon's General Store.
 43044 | Orc:4    | Found Duroetra's Book Emporium.
 43444 | Orc:4    | Noticed an orc warlord
 43468 | Orc:4    | Killed an orc warlord
 43468 | Orc:4    | Reached skill level 14 in Fighting
 44216 | Orc:4    | Bought a scroll of identify for 34 gold pieces
 44231 | Orc:4    | Bought a glowing lajatang for 285 gold pieces
 44241 | Orc:4    | Bought a pair of glowing gloves for 103 gold pieces
 44253 | Orc:4    | Bought a book of Summonings for 1120 gold pieces
 44262 | Orc:4    | Learned a level 5 spell: Aura of Abjuration
 44621 | D:14     | Reached skill level 7 in Spellcasting
 44709 | D:14     | Learned a level 5 spell: Shadow Creatures
 44744 | D:14     | Noticed Nessos
 44758 | D:14     | Killed Nessos
 45219 | D:14     | Reached skill level 8 in Spellcasting
 45258 | D:14     | Reached XP level 16. HP: 72/133 MP: 14/28
 45291 | D:14     | Killed Donald
 45293 | D:14     | Got the uncursed plate armour of Darkness {rPois rCorr Str-3 Int+8 Slay-2}
 45502 | D:13     | Identified the +4 plate armour of Darkness {rPois rCorr Str-3 Int+8 Slay-2} (You took it off Donald on level 14 of the Dungeon)
 46981 | D:10     | Bought a pair of boots for 108 gold pieces
 47440 | Lair:7   | Reached skill level 12 in Dodging
 47607 | Lair:7   | Noticed Kirke
 47616 | Lair:7   | Killed Kirke
 48057 | Lair:8   | Entered Level 8 of the Lair of Beasts
 48387 | Lair:8   | Identified Vehumet's Grimoire of Fiery Conjuration (You found it on level 8 of the Lair of Beasts)
 49107 | Lair:8   | Reached skill level 13 in Dodging
 50472 | Lair:6   | Found a staircase to the Snake Pit.
 51360 | Lair:4   | Quit the game

Vault maps used:
D:1:      minmay_arrival_split_and_join, minmay_misc_feat_cross,
          amethyst_killhole, kennysheep_decorative_pillar
D:4:      serial_shops, shop, first_bread, kennysheep_nondescript,
          kennysheep_generic_room_9
D:5:      basic_altar
D:7:      minmay_temple_entry_grid
D:8:      nicolae_overflow_hidden_temple, enter_ossuary_4, uniq_joseph
D:9:      uniq_pikel, uniq_grum
D:10:     lair_0_dummy, serial_shops, nicolae_shop_waterfront
D:12:     orc_0_dummy, basic_altar, minmay_misc_feat_secret_circle, uniq_frances
D:13:     hangedman_little_slice_of_home
D:14:     minmay_cut_squares, david_vaults_3, uniq_nessos
Temple:   nicolae_temple_no_exploring_needed
Lair:1:   wad_woods_road_05, infiniplex_staircase_pool, grunt_megastairs_2
Lair:2:   minivault_19, beast_lair_carwin_4, lemuel_fruit_tree, uniq_gastronok
Lair:3:   minivault_26, minivault_19, kennysheep_basilisk_garden
Lair:4:   minmay_lair_oklob_chamber, nicolae_swamp_entry_splash_gauntlet
Lair:5:   special_room, grunt_megastairs_4, serial_bayou_shore_b,
          infiniplex_staircase_pool_2
Lair:6:   guppyfry_snake_entry_island, minmay_slime_entry_pillars, special_room
Lair:7:   mu_elephants_graveyard, serial_bayou_shore_b, uniq_kirke
Lair:8:   due_jungle_book
Orc:1:    serial_shops, shop, uniq_nergalle, uniq_erolcha, uniq_urug
Orc:2:    portal_ice_cave_entry_animals_and_master, mines1_david
Orc:3:    nicolae_orc_pool_cavern, lightli_orcish_oven
Orc:4:    st_orc_congregation, serial_shops, shop, sword_in_stone,
          uniq_saint_roka
Ossuary:  ossuary_tomb_1
IceCv:    ice_cave_caverns_03

Vanquished Creatures
  Saint Roka Gastronok Frances Kirke Donald
  An orc warlord Nessos
  A stone giant
  6 dire elephants
  A white draconian
  An ice dragon
  2 centaur warriors Erolcha
  An anaconda (shapeshifter)
  A catoblepas
  7 hydras
  An anaconda
  A death yak
  A tengu warrior Urug
  4 orc high priests Nergalle
  The ghost of cluie the Martial Artist, a novice DsTm of Ru
  A skeletal warrior
  A fire crab Pikel
  A hill giant
  4 unseen horrors
  3 orc knights
  9 orc sorcerers
  A manticore
  3 oklob plants
  2 ugly things
  A griffon
  5 cyclopes
  31 elephants Joseph
  6 spiny frogs
  8 black mambas
  A torpor snail
  5 fire drakes
  A yaktaur
  8 komodo dragons
  5 trolls
  An efreet
  20 polar bears
  A queen bee
  20 blink frogs
  3 slime creatures
  A boulder beetle
  3 two-headed ogres
  2 shadows
  3 wyverns
  3 wraiths
  A trapdoor spider
  2 vampires
  2 water elementals
  67 yaks
  3 hogs Grum
  10 basilisks
  A deep elf mage
  3 hungry ghosts
  15 hippogriffs
  A naga
  24 wolves
  A vampire mosquito
  17 humans
  4 wargs
  2 soldier ants
  12 porcupines
  5 sky beasts
  43 orc warriors
  19 water moccasins
  6 ice beasts
  2 black bears
  8 centaurs
  4 slaves
  15 ogres
  An eye of draining
  23 crocodiles
  3 elf zombies Blork the orc
  2 big kobolds
  12 jellies
  24 giant frogs
  7 scorpions
  35 killer bees
  17 wights
  7 electric eels
  7 crimson imps
  A centaur zombie
  2 human zombies
  32 orc priests
  A wasp zombie
  A giant frog zombie
  10 hounds
  3 giant frog skeletons
  6 hell rats
  53 orc wizards
  12 iguanas
  3 centaur skeletons
  21 sheep
  13 worker ants
  2 big kobold zombies
  2 hound zombies
  A hound skeleton
  2 mummies
  7 adders
  122 river rats
  3 gnolls
  6 shadow imps
  5 oozes
  An adder zombie
  4 worms
  3 giant geckos
  214 orcs
  7 giant cockroaches
  10 goblins
  8 hobgoblins
  10 jackals
  17 kobolds
  6 quokkas
  4 ball pythons
  9 bats
  A giant cockroach zombie
  7 giant newts
  A goblin zombie
  9 hobgoblin zombies
  A jackal zombie
  9 kobold zombies
  7 orc zombies
  A quokka skeleton
  A quokka zombie
  5 rats
  3 rat zombies
  49 fungi
  29 plants
1324 creatures vanquished.
